Map: Prion Terraces

Players

Saadistic

  • Race: Protoss Protoss
  • League: Platinum

MyInnerVoice - Winner!

  • Race: Protoss Protoss
  • League: Platinum

VOD

Have the link to the VOD?

Description

Time

  • Played on: Nov. 15, 2015, 12:05 a.m.
  • Length: 4:04
Show
View Real Time Build Order
Export as new Build Order

Saadistic Protoss 

Build Orders:  

Get SALT Encoding   

  12  0:01  Probe (Chrono Boost)  
  13  0:13  Pylon  
  13  0:18  Probe (Chrono Boost)  
  15  0:28  Probe (Chrono Boost)  
  15  0:39  Gateway, Probe (Chrono Boost)  
  17  0:50  Probe (Chrono Boost)  
  17  1:00  Probe (Chrono Boost)  
  18  1:05  Assimilator  
  18  1:07  Assimilator  
  18  1:11  Probe (Chrono Boost)  
  19  1:14  Pylon  
  19  1:21  Probe (Chrono Boost)  
  20  1:32  Cybernetics Core, Probe (Chrono Boost)  
  21  1:42  Probe (Chrono Boost)  
  22  1:53  Probe (Chrono Boost)  
  23  1:58  Gateway  
  23  2:00  Pylon  
  23  2:03  Probe (Chrono Boost)  
  23  2:08  Warp Gate (Chrono Boost)  
  24  2:15  Probe  
  25  2:27  Probe  
  26  2:33  Robotics Facility  
  26  2:39  Probe  
  26  2:45  Stalker  
  26  2:47  Stalker  
  31  2:53  Mothership Core  
  32  3:18  Nexus  
  32  3:23  Probe  
  32  3:24  Observer  
  34  3:31  Adept x2, Pylon  
Show
View Real Time Build Order
Export as new Build Order

MyInnerVoice Protoss - Winner!

Build Orders: Oracle Opening 

Get SALT Encoding   

  12  0:01  Probe (Chrono Boost)  
  13  0:14  Pylon  
  13  0:17  Probe (Chrono Boost)  
  14  0:28  Probe (Chrono Boost)  
  15  0:33  Gateway  
  15  0:38  Probe (Chrono Boost)  
  16  0:49  Probe (Chrono Boost), Assimilator  
  17  0:52  Assimilator  
  17  0:59  Probe (Chrono Boost)  
  18  1:10  Probe (Chrono Boost)  
  19  1:21  Probe (Chrono Boost)  
  20  1:25  Cybernetics Core  
  20  1:35  Probe (Chrono Boost)  
  20  1:36  Gateway  
  21  1:45  Probe (Chrono Boost)  
  22  1:48  Pylon  
  22  1:57  Probe (Chrono Boost)  
  23  2:03  Warp Gate (Chrono Boost)  
  23  2:06  Stalker (Chrono Boost)  
  25  2:15  Stargate  
  25  2:25  Stalker  
  27  2:32  Pylon  
  27  2:43  Stalker  
  31  3:00  Oracle (Chrono Boost)  
  32  3:10  Gateway  
  32  3:11  Mothership Core  
  34  3:17  Pylon  
  34  3:32  Probe  
  35  3:45  Probe  
Tags
 
Add a new tag
Caveats
  • Supply blocks, unpowered buildings, or Contaminate may cause inaccurate times.
  • Supply counts are checked every 10 seconds.